AoeStats
← Bartoz

Arabia

510194201Analyzed
1v1 RM · 3d ago on Sep 29, 2026· 46m 34s· 2 players
Game mode
Random Map
Map size
Tiny (2 player)
Population
200
Speed
Normal
Resources
Standard
Victory
Conquest
Starting age
Dark Age
Ending age
Imperial Age
RankedLock teamsTeams togetherTeam positionsShared explorationLock speedFull tech treeHidden civsTurbo modeCheats
Victory
Defeat
🇨🇱 Vietnamese · Chile
758
+28
🇨🇱 Vietnamese · Chile
711
-14
Bartoz
6:32 Loom
9:54 Feudal Age
10:24 Double-Bit Axe
10:41 Horse Collar
12:31 Town Watch
13:42 Fletching
18:27 Wheelbarrow
20:09 Padded Archer Armor
20:20 Forging
23:09 Castle Age
22:04 Scale Barding Armor
25:23 Bow Saw
25:01 Elite Skirmisher
26:01 Thumb Ring
27:32 Bodkin Arrow
28:08 Leather Archer Armor
32:43 Hand Cart
33:22 Town Patrol
34:43 Ballistics
34:19 Murder Holes
36:57 Iron Casting
41:10 Imperial Age
40:19 Chatras
42:52 Chemistry
41:33 Treadmill Crane
42:04 Masonry
42:22 Imperial Skirmisher
46:44 Bracer
46:45 Scale Mail Armor
47:07 Chain Barding Armor
47:17 Ring Archer Armor
46:12 Elite Battle Elephant
46:55 Husbandry
fabo.ooo.o
8:03 Loom
9:48 Feudal Age
10:38 Double-Bit Axe
10:36 Horse Collar
12:21 Gold Mining
15:05 Fletching
15:15 Padded Archer Armor
20:10 Stone Mining
25:55 Castle Age
27:42 Bow Saw
27:35 Heavy Plow
27:11 Elite Skirmisher
28:28 Bodkin Arrow
28:53 Thumb Ring
30:27 Wheelbarrow
34:29 Imperial Age
35:57 Hand Cart
36:09 Imperial Skirmisher
38:10 Two-Man Saw
37:18 Town Watch
37:56 Leather Archer Armor
38:47 Bloodlines
38:37 Husbandry
40:00 Crop Rotation
41:27 Chatras
41:50 Paper Money
42:12 Ring Archer Armor
41:43 Bracer
42:57 Scale Barding Armor
43:02 Forging
42:16 Elite Battle Elephant
43:26 Town Patrol
44:48 Ballistics
45:30 Chemistry
44:26 Murder Holes
44:37 Siege Engineers
Connection lost

Rejoining the realm…

Still unreachable

The connection could not be restored.

Session expired

The server has moved on; the page needs a fresh start.